 Dungeon Crawl Stone Soup version 0.30-a0-123-g91d0c66ccf (webtiles) character file.

Game seed: 2740589057491971910

70 KittyKat the Insei (level 4, 0/28 HPs)
             Began as an Octopode Transmuter on Sept 18, 2022.
             Killed from afar by an orc wizard (13 damage)
             ... with a puff of flame
             ... on level 3 of the Dungeon.
             The game lasted 00:04:08 (3296 turns).

KittyKat the Insei (Octopode Transmuter)            Turns: 3296, Time: 00:04:09

Health: 0/28       AC:  1    Str: 11    XL:     4   Next: 21%
Magic:  7/7        EV: 13    Int: 21    God:
Gold:   107        SH:  0    Dex: 12    Spells: 7/8 levels left

rFire   . . .      SeeInvis .      - Unarmed
rCold   . . .      Faith    .    (no shield)
rNeg    . . .      Spirit   .    (helmet currently unavailable)
rPois   .          Reflect  .    (no amulet)
rElec   .          Harm     .    h - +6 ring of intelligence
rCorr   .          Rampage  .    (no ring)
Will    .....                    (no ring)
Stlth   ++........               (no ring)
HPRegen 0.09/turn                (no ring)
MPRegen 0.10/turn                (no ring)
                                 (no ring)
                                 (no ring)

@: confused, appendages (expiring)
A: tentacle spike 3, almost no armour, amphibious, 8 rings, camouflage 1,
gelatinous body 1, (nimble swimmer 1), tentacles
a: End Transformation


You were on level 3 of the Dungeon.
One of your tentacles had grown a beastly spike.
You visited 1 branch of the dungeon, and saw 3 of its levels.

You collected 107 gold pieces.

Inventory:

Jewellery
 h - a +6 ring of intelligence (left tentacle)
Scrolls
 b - a scroll of identify {unknown}
 c - a scroll of teleportation {unknown}
 d - a scroll of noise {unknown}
 e - 2 scrolls of fear {unknown}
 g - 3 scrolls of magic mapping {unknown}
Potions
 a - 2 potions of lignification
 f - 2 potions of berserk rage {unknown}


   Skills:
 - Level 1.0 Fighting
 - Level 2.0 Dodging
 + Level 3.5 Unarmed Combat
 + Level 2.5 Spellcasting
 * Level 3.4 Transmutations


You had 7 spell levels left.
You knew the following spells:

 Your Spells              Type           Power      Damage    Failure   Level
a - Beastly Appendage     Tmut           34%        N/A       3%          1

Your spell library contained the following spells:

 Spells                   Type           Power      Damage    Failure   Level
 Wereblood                Tmut           17%        N/A       5%          2
 Spider Form              Tmut/Pois      9%         N/A       21%         3
 Ignite Poison            Fire/Tmut/Pois 7%         N/A       26%         3
 Ice Form                 Ice/Tmut       9%         N/A       56%         4
 Sticky Flame             Conj/Fire      2%         2d3       80%         4


Dungeon Overview and Level Annotations

Branches:
Dungeon (3/15)

Altars:

Shops:
D:1 :

Annotations:
D:3 Grinder


Innate Abilities, Weirdness & Mutations

One of your tentacles has grown a beastly spike.
You cannot wear most types of armour.
You are amphibious.
You can wear up to eight rings at the same time.
Your skin changes colour to match your surroundings (Stealth+).
Your rubbery body absorbs attacks. (AC +1, EV +1)
((You are camouflaged when in or above water. (Stealth+)))
You have tentacles for arms and can constrict up to eight enemies at once.


Message History

You kill the dart slug!
The kobold closely misses you.
The kobold hits you with a +0 short sword.
An orc comes into view. It is wielding a +0 flail.
You see here a dart slug corpse.
You barely miss the kobold.
The orc shouts!
You grab the kobold. You constrict the kobold.
You hear a shout!
The kobold hits you with a +0 short sword.
You tentacle-slap the kobold.
You pierce the kobold, but do no damage.
You squeeze the kobold.
You kill the kobold!
An orc wizard comes into view. It is wielding a +0 dagger.
The orc barely misses you.
You closely miss the orc.
The orc wizard shouts!
Your grab misses the orc.
An orc comes into view. It is wielding a +0 club.
The orc barely misses you.
You tentacle-slap the orc. Your grab misses the orc.
You pierce the orc.
You kill the orc!
The orc wizard casts a spell.
The orc wizard flickers and vanishes!
Deactivating autopickup; reactivate with Ctrl-A.
The orc barely misses you.
Your transformation is almost over.
The orc barely misses you.
You tentacle-slap the orc. Your grab misses the orc.
The orc is moderately wounded.
You hear some strange, mumbled words.
You are confused.
The orc hits you with a +0 flail!
You tentacle-slap the orc.
You kill the orc!
You hear some strange, mumbled words.
A puff of flame appears from out of thin air!
The puff of flame hits you!
You die...

#.# #.# # #.# #. #.#
##########
####.#####.####.(.......
........................
.......).†..###.........
###.##.).....#......†..
#@#####........... #..#
##.......... #{##
#.......... #o
#.......... ..
#.......... #..
#.######### #.. #.. #.
#.. ##. #. #.


You could see an orc.

Vanquished Creatures
  An adder (D:2)
  4 dart slugs
  2 orcs (D:3)
  4 endoplasms
  3 giant cockroaches
  6 goblins
  2 hobgoblins (D:1)
  4 jackals (D:2)
  3 quokkas
  4 ball pythons
  6 bats
  A frilled lizard (D:2)
  4 kobolds
  4 rats
48 creatures vanquished.

Notes
Turn   | Place    | Note
-------+----------+-------------------------------------------
     0 | D:1      | KittyKat the Octopode Transmuter began the quest for the
                  | Orb.
     0 | D:1      | Reached XP level 1. HP: 13/13 MP: 3/3
   144 | D:1      | Found Tavvagyw's Book Boutique.
   274 | D:1      | Reached XP level 2. HP: 12/18 MP: 3/5
  1361 | D:1      | Reached XP level 3. HP: 23/23 MP: 4/6
  2407 | D:2      | Reached XP level 4. HP: 23/28 MP: 7/7
  3171 | D:3      | Noticed Grinder
  3296 | D:3      | Killed from afar by an orc wizard

Illustrated notes

Levels and vault maps discovered:
D:1:      sevenhm_arrival_forest_fort_large_4, layout_basic, serial_shops, shop,
          chequers_serial_rivers_micro_e, nrook_uturn, kennysheep_pointless_box,
          hangedman_abyss_or_decor_lesser_grid
D:2:      layout_basic, serial_bayou_ford_a, corexii_leaking_fountain,
          grunt_decor_fettered
D:3:      layout_basic, nicolae_ru_path_of_blood, minmay_cupped,
          uniq_crazy_yiuf_cottage, uniq_grinder

Skill      XL: |  1  2  3 |
---------------+----------+-----
Transmutations | 3 |  3.4
Fighting       | |  1.0
Dodging        | |  2.0
Unarmed Combat | |  3.5
Spellcasting   | |  2.5

Action                   |  1- 3 |  4- 6 || total
-------------------------+-------+-------++-------
Melee: Unarmed           |    76 |    16 ||    92
       Constrict         |    21 |     6 ||    27
       Tentacles         |    17 |     2 ||    19
       Kick              |    14 |     3 ||    17
 Cast: Beastly Appendage |    21 |     5 ||    26
 Stab: Sleeping          |     5 |       ||     5
Armor: Skin              |    11 |       ||    11
Dodge: Dodged            |    56 |    13 ||    69

Table legend: (Time is in decaauts)
 A = Elapsed time spent in this place.
 B = Non-inter-level travel time spent in this place.
 C = Inter-level travel time spent in this place.
 D = Time resting spent in this place.
 E = Time spent auto-exploring this place.
 F = Levels seen in this place.
 G = Mean time per level.
                   A        B        C        D        E       F      G
               +--------+--------+--------+--------+--------+-----+--------+
         Total |   3289 |   3271 |     18 |    748 |   1939 |   3 | 1096.3 |
       Dungeon |   3289 |   3271 |     18 |    748 |   1939 |   3 | 1096.3 |
               +--------+--------+--------+--------+--------+-----+--------+

Top non-repeatable levels by time:
     D:1: 1692 daAuts
     D:2: 1139 daAuts
     D:3: 458 daAuts
